 Dungeon Crawl Stone Soup version 0.26-a0-43-g20b394c (webtiles) character file.

Game seed: 15160133911888716470

25 Firecrotchwizard the Ruffian (level 2, 0/24 HPs)
             Began as a Draconian Transmuter on June 3, 2020.
             Slain by Terence
             ... wielding a +0 short sword
              (1 damage)
             ... on level 2 of the Dungeon.
             The game lasted 00:03:04 (1140 turns).

Firecrotchwizard the Ruffian (Draconian Transmuter) Turns: 1140, Time: 00:03:05

Health: 0/24       AC:  5    Str: 12    XL:     2   Next: 82%
Magic:  5/5        EV: 12    Int: 19    God:
Gold:   34         SH:  0    Dex: 11    Spells: 4/5 levels left

rFire    . . .     SeeInvis .     - Unarmed
rCold    . . .     Gourm    .   (no shield)
rNeg     . . .     Faith    .   (armour unavailable)
rPois    .         Spirit   .   (helmet restricted)
rElec    .         Reflect  .   (no cloak)
rCorr    .         Harm     .   i - +0 pair of gloves
MR       .....                  (no boots)
Stlth    +.........             (no amulet)
HPRegen  0.08/turn              b - +6 ring of intelligence
MPRegen  0.09/turn              (no ring)

@: no status effects
A: unfitting armour, cold-blooded, AC +4
a: no special abilities


You were on level 2 of the Dungeon.
You were not hungry.

You visited 1 branch of the dungeon, and saw 2 of its levels.

You collected 34 gold pieces.

Inventory:

Missiles
 a - 35 arrows
Armour
 i - a +0 pair of gloves (worn)
   (You found it on level 1 of the Dungeon)
Jewellery
 b - a +6 ring of intelligence (left hand)
   (You found it on level 1 of the Dungeon)
Scrolls
 f - a scroll of random uselessness {unknown}
 g - 2 scrolls of magic mapping {unknown}
 h - a scroll of teleportation {unknown}
 j - a scroll of enchant armour {unknown}
 l - a scroll of blinking {unknown}
Potions
 e - a potion of lignification {unknown}
 k - 2 potions of heal wounds {unknown}
Comestibles
 c - 2 rations


   Skills:
 + Level 1.8 Fighting
 - Level 1.9 Dodging
 + Level 3.2 Unarmed Combat
 + Level 2.3 Spellcasting
 + Level 2.3 Transmutations


You had 4 spell levels left.
You knew the following spells:

 Your Spells              Type           Power        Failure   Level  Hunger
a - Beastly Appendage     Tmut           ##....       6%          1    #......

Your spell library contained the following spells:

 Spells                   Type           Power        Failure   Level  Hunger
 Sticks to Snakes         Tmut           ##......     10%         2    ##.....
 Spider Form              Tmut/Pois      #.........   30%         3    ###....
 Ice Form                 Ice/Tmut       #.......     69%         4    #####..
 Blade Hands              Tmut           ##........   86%         5    ######.


Dungeon Overview and Level Annotations

Branches:
Dungeon (2/15)

Altars:

Annotations:
D:2 Terence


Innate Abilities, Weirdness & Mutations

Your plain brown scales are hard. (AC +4)
You cannot fit into any form of body armour.
You are cold-blooded and may be slowed by cold attacks.


Message History

You climb upwards.
There is a stone staircase leading down here.
You miss the goblin. Your kick misses the goblin.
Your tail-slap misses the goblin.
You closely miss the goblin. The goblin closely misses you.
You hit the goblin.
You kill the goblin!
Your transformation is almost over.
You start resting.
MP restored: 5 You extend your transformation's duration.
You now have 4/5 mp.
You climb downwards.
Level annotation: Terence Terence hits you but does no damage.
There is a stone staircase leading up here.
You barely miss Terence.
You tail-slap Terence, but do no damage.
Terence hits you but does no damage.
You closely miss Terence. You claw Terence, but do no damage.
Terence hits you but does no damage.
You hit Terence but do no damage. Terence hits you but does no damage.
You hit Terence but do no damage.
Your tail-slap misses Terence.
Terence closely misses you.
You hit Terence but do no damage. Your kick misses Terence. Terence misses you.
You closely miss Terence. Your kick misses Terence.
Your transformation is almost over.
Terence hits you with a +0 short sword.
All of the chunks of flesh in your inventory have rotted away.
You take 3 damage, and have 21/24 hp.
You extend your transformation's duration.
Terence closely misses you.
You closely miss Terence.
You tail-slap Terence, but do no damage.
Terence misses you.
You barely miss Terence. You claw Terence, but do no damage.
Terence misses you.
You closely miss Terence. You claw Terence. Terence misses you.
You barely miss Terence. You claw Terence, but do no damage. You punch Terence.
Terence barely misses you.
You hit Terence but do no damage.
Your tail-slap misses Terence.
Terence closely misses you.
You hit Terence but do no damage. You claw Terence, but do no damage.
Terence hits you but does no damage.
You barely miss Terence. You claw Terence, but do no damage.
Your tail-slap misses Terence.
Terence barely misses you.
You hit Terence but do no damage. Your kick misses Terence.
Terence barely misses you.
You hit Terence but do no damage.
Your tail-slap misses Terence.
Terence barely misses you.
You hit Terence but do no damage. Terence hits you but does no damage.
You hit Terence but do no damage. You claw Terence, but do no damage.
Terence hits you with a +0 short sword.
You take 4 damage, and have 18/24 hp.
You hit Terence but do no damage. Terence hits you but does no damage.
MP restored: 5 You hit Terence but do no damage.
You claw Terence, but do no damage.
You extend your transformation's duration.
Terence barely misses you.
You now have 4/5 mp.
You barely miss Terence. Terence barely misses you.
You hit Terence but do no damage. Terence hits you with a +0 short sword.
You take 2 damage, and have 16/24 hp.
You hit Terence but do no damage. You tail-slap Terence.
Terence hits you but does no damage.
You hit Terence but do no damage. You claw Terence, but do no damage.
You tail-slap Terence, but do no damage.
Terence hits you with a +0 short sword.
You take 1 damage, and have 16/24 hp.
You hit Terence but do no damage. Terence closely misses you.
You closely miss Terence. Terence barely misses you.
You barely miss Terence. You claw Terence, but do no damage.
Your transformation is almost over.
Terence misses you.
You hit Terence but do no damage. Terence hits you with a +0 short sword.
You take 1 damage, and have 15/24 hp.
You hit Terence but do no damage. You claw Terence.
Terence hits you with a +0 short sword.
You take 5 damage, and have 10/24 hp.
MASSIVE DAMAGE!!
You barely miss Terence. You claw Terence, but do no damage.
Terence misses you.
MP restored: 5 You hit Terence.
Terence barely misses you.
You hit Terence. Your kick misses Terence.
You tail-slap Terence, but do no damage.
Terence barely misses you.
You hit Terence but do no damage. You claw Terence.
You tail-slap Terence, but do no damage.
Terence hits you with a +0 short sword.
You take 2 damage, and have 8/24 hp.
You completely miss Terence. Your kick misses Terence.
Terence hits you with a +0 short sword!
* * * LOW HITPOINT WARNING * * *
You take 7 damage, and have 1/24 hp.
MASSIVE DAMAGE!!
You hit Terence but do no damage.
Your tail-slap misses Terence.
Your talons disappear.
Terence hits you with a +0 short sword.
You die...

######
#....#
#@...#
#@...#
#....#
#....#
#....#
#...≈≈
#......
#...≈≈≈≈


You could see Terence.

Vanquished Creatures
  2 dart slugs (D:1)
  A leopard gecko (D:1)
  A ball python (D:1)
  2 bats (D:1)
  2 giant cockroaches (D:1)
  7 kobolds (D:1)
  2 goblins (D:1)
  2 rats (D:1)
19 creatures vanquished.

Notes
Turn   | Place    | Note
-------+----------+-------------------------------------------
     0 | D:1      | Firecrotchwizard the Draconian Transmuter began the quest
                  | for the Orb.
     0 | D:1      | Reached XP level 1. HP: 16/16 MP: 3/3
   227 | D:1      | Reached XP level 2. HP: 21/23 MP: 3/5
  1090 | D:2      | Noticed Terence
  1139 | D:2      | HP: 1/24 [Terence/+0 short sword (7)]
  1140 | D:2      | Slain by Terence

Illustrated notes

Levels and vault maps discovered:
D:1:      erik_arrival_blinker_ship, layout_basic, minmay_split_cup_large
D:2:      cheibrodos_helix_gallery, layout_rooms, tso_oasis_becter,
          grunt_qazlal_clouds, chequers_serial_rivers_micro_d,
          chequers_serial_rivers_room_a, uniq_terence

Action                   || total
-------------------------++-------
Melee: Unarmed           ||    67
       Dagger            ||     9
       Kick              ||    21
       Tailslap          ||     6
       Punch             ||     1
 Cast: Beastly Appendage ||    12
  Eat: Chunk             ||     1
Armor: Skin              ||    17
Dodge: Dodged            ||    44

Table legend:
 A = Non-vault XP
 B = Vault XP
 C = Vault XP percentage of total XP
 D = Non-vault monster count
 E = Vault monster count
 F = Vault count percentage of total count
                 A         B        C        D         E       F
            +---------+---------+-------+---------+---------+-------
      Total |      31 |       5 |  13.9 |      15 |       4 |  21.1
            +---------+---------+-------+---------+---------+-------
        D:1 |      31 |       5 |  13.9 |      15 |       4 |  21.1
            +---------+---------+-------+---------+---------+-------

Levels and vault maps discovered:
D:1:      erik_arrival_blinker_ship, layout_basic, minmay_split_cup_large
D:2:      cheibrodos_helix_gallery, layout_rooms, tso_oasis_becter,
          grunt_qazlal_clouds, chequers_serial_rivers_micro_d,
          chequers_serial_rivers_room_a, uniq_terence

Table legend:
 A = Turns spent in this place as a percentage of turns spent in the entire game.
 B = Non-inter-level travel turns spent in this place as a percentage of non-inter-level travel turns spent in the entire game.
 C = Inter-level travel turns spent in this place as a percentage of turns spent in this place.
 D = Turns resting spent in this place as a percentage of non-inter-level travel turns spent in this place.
 E = Turns spent auto-exploring this place as a percentage of non-inter-level travel turns spent in this place.
 F = Non-inter-level travel turns spent in this place divided by the number of levels of this place that you've seen.
                   A       B       C       D       E      F
               +-------+-------+-------+-------+-------+----------------------
         Total | 100.0 | 100.0 |   1.3 |   7.5 |  75.8 | 562.5
       Dungeon | 100.0 | 100.0 |   1.3 |   7.5 |  75.8 | 562.5
               +-------+-------+-------+-------+-------+----------------------

Table legend:
 A = Kills in this place as a percentage of kills in entire the game.
 B = Kills by you in this place as a percentage of kills by you in the entire game.
 C = Kills by friends in this place as a percentage of kills by friends in the entire game.
 D = Other kills in this place as a percentage of other kills in the entire game.
 E = Experience gained in this place as a percentage of experience gained in the entire game.
 F = Experience gained in this place divided by the number of levels of this place that you have seen.
                   A       B       C       D       E      F
               +-------+-------+-------+-------+-------+----------------------
         Total | 100.0 | 100.0 |   N/A |   N/A | 100.0 |  18.0
       Dungeon | 100.0 | 100.0 |   N/A |   N/A | 100.0 |  18.0
               +-------+-------+-------+-------+-------+----------------------
